 Dungeon Crawl Stone Soup version 0.18.1-8-gdd0e5ea (webtiles) character file.

73 Implojin the Insei (level 4, 0/35 HPs)
             Began as a Mummy Monk on May 22, 2016.
             Slain by an orc wizard
             ... wielding a +1 dagger of electrocution
              (3 damage)
             ... on level 2 of the Dungeon.
             The game lasted 00:03:40 (2225 turns).

Implojin the Insei (Mummy Monk)                     Turns: 2225, Time: 00:03:40

Health: 0/35       AC:  2    Str: 18    XL:     4   Next: 8%
Magic:  4/4        EV: 13    Int:  9    God:
Gold:   117        SH:  0    Dex: 15    Spells: 0 memorised, 3 levels left

rFire  x . .     SeeInvis .       - Unarmed
rCold  + . .     Gourm    .     (no armour)
rNeg   + + +     Faith    .     (no shield)
rPois  ∞         Spirit   .     (no helmet)
rElec  .         Dismiss  .     (no cloak)
rCorr  .         Reflect  .     e - +1 pair of gloves
SustAt .         Harm     .     (no boots)
MR     .....                    (no amulet)
Stlth  ++........               (no ring)
                                b - +4 ring of strength

@: not resistant to hostile enchantments, unstealthy
A: no food or potions, fire vulnerability, cold resistance 1, negative energy
resistance 3, torment resistance, unbreathing
a: no special abilities


You were on level 2 of the Dungeon.
You were not hungry.

You visited 1 branch of the dungeon, and saw 3 of its levels.

You collected 117 gold pieces.

Inventory:

Armour
 e - a +1 pair of gloves (worn)
Jewellery
 b - a +4 ring of strength (left hand)
Scrolls
 a - a scroll of remove curse
 c - 2 scrolls of identify
 d - a scroll of immolation {unknown}
 f - 2 scrolls of amnesia
 h - a scroll of fear {unknown}
Comestibles
 g - a bread ration (quivered)


   Skills:
 - Level 3.0 Fighting
 - Level 2.4 Dodging
 - Level 1.5 Stealth
 * Level 4.6 Unarmed Combat


You had 3 spell levels left.
You didn't know any spells.

Dungeon Overview and Level Annotations

Branches:
Dungeon (3/15)

Altars:
Pakellas

Annotations:
D:2 exclusion: downstairs


Innate Abilities, Weirdness & Mutations

You do not eat or drink.
Your flesh is vulnerable to fire.
You are immune to poison.
Your flesh is cold resistant.
You are immune to negative energy.
You are immune to unholy pain and torment.
You can survive without breathing.


Message History

You kill the orc!
The kobold hits you.
You hit the kobold.
You kill the kobold!
The orc wizard points at you and mumbles some strange words.
You are confused.
In your confused state, you trip and fall back down the stairs.
The orc wizard gestures at you while chanting.
The magic dart hits you!
The orc wizard casts a spell.
The orc wizard seems to speed up.
Unknown command.
Unknown command.
The orc wizard gestures wildly while chanting.
The orc wizard flickers and vanishes!
Deactivating autopickup; reactivate with Ctrl-A.
You climb upwards.
Level annotation: exclusion: downstairs
There is a stone staircase leading down here.
You start resting.
Something hits you.
* * * LOW HITPOINT WARNING * * *
You're too confused!
Unknown command.
You miss something.
You feel less confused. Something hits you but does no damage.
Read which item? (? for menu, Esc to quit)
As you read the scroll labeled PAVE KUUCOHU, it crumbles to dust.
It is a scroll of identify.
Identify which item? (\ to view known items) (? for menu, Esc to quit)
f - 2 scrolls of amnesia Something hits you.
* * * LOW HITPOINT WARNING * * *
You are electrocuted!
* * * LOW HITPOINT WARNING * * *
Read which item? (? for menu, Esc to quit)
As you read the scroll labeled KUOREX DIFIR, it crumbles to dust.
You feel blessed for a moment.
It was a scroll of remove curse.
Something hits you.
You die...

##.# #.# #.# ##.##
#)# #.# ...## ###.#
#.# ....## #...# #.#
.....#######
######...####.#
...........#
##..##......##.#
.....#####.#
##8..8#.........#
....## #.#
##..>.........####
...#######.#
#..@....#...###
...........#
#.#8..8##...#
.###########
#.##..##...## ...#
#.###.###...########
.#.# #.#
#.........).....
##.# #.#
####....#######.
##†# #†# #.#.## #.
##.# #.# #.#.# #.
##.###########.#
#.#.# #.


There were no monsters in sight!

Vanquished Creatures
  2 adders (D:2)
  A dart slug (D:1)
  A giant gecko (D:2)
  An orc (D:3)
  3 giant cockroaches
  8 goblins
  8 hobgoblins
  A jackal (D:2)
  3 quokkas (D:2)
  A ball python (D:1)
  5 bats
  9 kobolds
  6 rats
49 creatures vanquished.

Vanquished Creatures (others)
  A bat (D:3)
1 creature vanquished.

Grand Total: 50 creatures vanquished

Notes
Turn   | Place    | Note
--------------------------------------------------------------
     0 | D:1      | Implojin the Mummy Monk began the quest for the Orb.
     0 | D:1      | Reached XP level 1. HP: 18/18 MP: 1/1
   565 | D:1      | Reached XP level 2. HP: 24/24 MP: 2/2
   925 | D:2      | Reached skill level 4 in Unarmed Combat
   966 | D:2      | Reached XP level 3. HP: 29/29 MP: 3/3
  1419 | D:2      | Found an oddly glowing altar of Pakellas.
  2125 | D:2      | Reached XP level 4. HP: 31/35 MP: 4/4
  2225 | D:2      | Slain by an orc wizard

Skill      XL: |  1  2 |
---------------+-------+-----
Unarmed Combat | 4 |  4.6
Fighting       | |  3.0
Dodging        | |  2.4
Stealth        | |  1.5

Action                   |  1- 3 |  4- 6 || total
-------------------------+-------+-------++-------
Melee: Unarmed           |   146 |    13 ||   159
       Punch             |     3 |     1 ||     4
  Use: Scroll            |       |     2 ||     2
 Stab: Sleeping          |     8 |       ||     8
Armor: Skin              |    12 |     1 ||    13
Dodge: Dodged            |    94 |     4 ||    98

Table legend:
 A = Turns spent in this place as a percentage of turns spent in the entire game.
 B = Non-inter-level travel turns spent in this place as a percentage of non-inter-level travel turns spent in the entire game.
 C = Inter-level travel turns spent in this place as a percentage of turns spent in this place.
 D = Turns resting spent in this place as a percentage of non-inter-level travel turns spent in this place.
 E = Turns spent auto-exploring this place as a percentage of non-inter-level travel turns spent in this place.
 F = Non-inter-level travel turns spent in this place divided by the number of levels of this place that you've seen.
                   A       B       C       D       E      F
               +-------+-------+-------+-------+-------+----------------------
         Total | 100.0 | 100.0 |   0.7 |   5.3 |   7.6 | 200.7
       Dungeon | 100.0 | 100.0 |   0.7 |   5.3 |   7.6 | 200.7
               +-------+-------+-------+-------+-------+----------------------

Table legend:
 A = Kills in this place as a percentage of kills in entire the game.
 B = Kills by you in this place as a percentage of kills by you in the entire game.
 C = Kills by friends in this place as a percentage of kills by friends in the entire game.
 D = Other kills in this place as a percentage of other kills in the entire game.
 E = Experience gained in this place as a percentage of experience gained in the entire game.
 F = Experience gained in this place divided by the number of levels of this place that you have seen.
                   A       B       C       D       E      F
               +-------+-------+-------+-------+-------+----------------------
         Total | 100.0 | 100.0 |  -nan |  -nan | 100.0 |  35.0
       Dungeon | 100.0 | 100.0 |  -nan |  -nan | 100.0 |  35.0
               +-------+-------+-------+-------+-------+----------------------
